 Dungeon Crawl Stone Soup version 0.32-a0-290-g598725c5f2 (webtiles) character file.

Game seed: 12612165031218959518

70 Bravepunisher the Ducker (level 4, 0/23 HPs)
             Began as a Spriggan Monk on Feb 13, 2024.
             Was a Believer of Makhleb.
             Slain by an iguana (9 damage)
             ... on level 5 of the Dungeon.
             The game lasted 00:01:58 (372 turns).

Bravepunisher the Ducker (Spriggan Monk)             Turns: 372, Time: 00:01:59

Health: 0/23       AC:  2    Str:  7    XL:     4   Next: 3%
Magic:  4/7        EV: 19    Int: 11    God:    Makhleb [**....]
Gold:   39         SH:  0    Dex: 19    Spells: 3/3 levels left

rFire   . . .        a - +0 short sword
rCold   . . .        (no shield)
rNeg    . . .        b - +0 robe
rPois   .            (helmet restricted)
rElec   .            (no cloak)
rCorr   .            (gloves unavailable)
SInv    +            (boots unavailable)
Will    .....        (no amulet)
Stlth   ++           (no ring)
HPRegen 0.23/turn    (no ring)
MPRegen 0.10/turn

%: no passive effects
@: very quick
A: very small, no large weapons, unfitting armour, see invisible, speed 3
a: Renounce Religion, Minor Destruction


You were on level 5 of the Dungeon.
You worshipped Makhleb.
Makhleb was pleased with you.
You visited 2 branches of the dungeon, and saw 5 of its levels.

You collected 39 gold pieces.

Inventory:

Hand Weapons
 a - a +0 short sword (weapon)
Armour
 b - a +0 robe (worn)
Scrolls
 e - a scroll of fog {unknown}
 f - a scroll of vulnerability {unknown}
Potions
 c - a potion of ambrosia
 d - a potion of mutation {unknown}
 g - a potion of degeneration {unknown}


   Skills:
 - Level 2.6 Fighting
 - Level 3.2 Short Blades
 - Level 4.6 Dodging
 * Level 3.0 Invocations


You had 3 spell levels left.
You didn't know any spells.
Your spell library was empty.

Dungeon Overview and Level Annotations

Branches:
Dungeon (5/15)             Temple (1/1) D:5

Altars:
Cheibriados
Dithmenos
Elyvilon
Fedhas
Gozag
Hepliaklqana
Makhleb
Nemelex Xobeh
Qazlal
Ru
Uskayaw
Wu Jian


Innate Abilities, Weirdness & Mutations

You are very small and have problems with some larger weapons.
You are too small for most types of armour.
You have supernaturally acute eyesight. (SInv)
You cover ground extremely quickly. (Speed+++)


Message History

Unknown command.
Aiming: Minor Destruction (10% risk of failure)
Press: ? - help, Shift-Dir - straight line, f/p - hound
Aim: a hound (moderately wounded)
The puff of flame misses the hound.
The puff of flame hits the iguana.
The iguana is moderately wounded.
The hound bites you but does no damage.
Aiming: Minor Destruction (10% risk of failure)
Press: ? - help, Shift-Dir - straight line, f/p - hound
Aim: a hound (moderately wounded)
The hound writhes in agony.
The hound barely misses you. The hound closely misses you.
Aiming: Minor Destruction (10% risk of failure)
Press: ? - help, Shift-Dir - straight line, f/p - hound
Aim: a hound (heavily wounded)
The glob of acid hits the hound!
The acid corrodes the hound!
You kill the hound!
Makhleb accepts your kill.
You feel better.
Your Invocations skill increases to level 3!
You have reached level 4!
Aiming: Minor Destruction (5% risk of failure)
Press: ? - help, Shift-Dir - straight line, f - iguana
Aim: an iguana (moderately wounded)
The puff of flame hits the iguana.
The iguana is heavily wounded.
Aiming: Minor Destruction (5% risk of failure)
Press: ? - help, Shift-Dir - straight line, f/p - iguana
Aim: an iguana (heavily wounded)
The puff of flame hits the iguana.
The iguana is severely wounded.
Aiming: Minor Destruction (5% risk of failure)
Press: ? - help, Shift-Dir - straight line, f/p - iguana
Aim: an iguana (severely wounded)
The glob of acid hits the iguana.
The acid corrodes the iguana!
The iguana is almost dead.
The iguana bites you.
Unknown command.
The iguana attacks as it pursues you! The iguana bites you!
You die...

###.##.#.## ##......... .
##..#.#.#.. .#
#...#.#.#.##. #########
#.#.........
#.......######.#.#.##.#.##.
####.##.......#....#....
#..........#.....#...# #
#.##.##@##.#..##.#.>.#.# #
#.##l##..............
..##.####....#.#.#...
#####.####..#.#.#.#.##
#....†..#..h......
#######....#.##.#.
#.##.#....#. .............
..........#...


You could see an iguana (corroded).

Vanquished Creatures
  2 hounds (D:5)
  2 hobgoblins (D:1)
  A kobold (D:1)
  A ball python (D:2)
  A bat (D:1)
  A frilled lizard (D:2)
8 creatures vanquished.

Notes
Turn   | Place    | Note
-------+----------+-------------------------------------------
     0 | D:1      | Bravepunisher the Spriggan Monk began the quest for the
                  | Orb.
     0 | D:1      | Reached XP level 1. HP: 11/11 MP: 2/2
   214 | D:2      | Reached XP level 2. HP: 13/16 MP: 3/3
   252 | D:3      | You fall into a shaft and drop 2 floors!
   252 | D:5      | Entered Level 5 of the Dungeon
   269 | D:5      | Found a staircase to the Ecumenical Temple.
   275 | Temple   | Entered the Ecumenical Temple
   304 | Temple   | Became a worshipper of Makhleb the Destroyer
   304 | Temple   | Reached * piety under Makhleb
   304 | Temple   | Reached ** piety under Makhleb
   358 | D:5      | Reached XP level 3. HP: 18/19 MP: 3/5
   364 | D:5      | Reached XP level 4. HP: 17/23 MP: 3/7
   372 | D:5      | Slain by an iguana

Illustrated notes

Levels and vault maps discovered:
D:1:      reono_arrival_mine, layout_loops_ring,
          ebering_ecumenical_altar_petrified, nicolae_kite_square_tiling_tiny
D:2:      layout_loops_ring
D:3:      layout_basic, nicolae_overflow_crystal_walls
D:5:      layout_loops_cross, lemuel_crystal_altar, minmay_temple_entry_ruins,
          gup_sewer_entry_bubbles, kennysheep_path_1, uniq_menkaure,
          uniq_duvessa
Temple:   nicolae_temple_godzebo

Skill      XL: |  1  2  3 |
---------------+----------+-----
Invocations    | 2 3 |  3.0
Fighting       | |  2.6
Short Blades   | |  3.2
Dodging        | |  4.6

Action                     |  1- 3 |  4- 6 || total
---------------------------+-------+-------++-------
  Melee: Short sword       |    20 |       ||    20
 Invoke: Minor Destruction |     9 |     3 ||    12
 Armour: Robe              |    12 |     2 ||    14
  Dodge: Dodged            |    31 |       ||    31

Table legend: (Time is in decaauts)
 A = Elapsed time spent in this place.
 B = Non-inter-level travel time spent in this place.
 C = Inter-level travel time spent in this place.
 D = Time resting spent in this place.
 E = Time spent auto-exploring this place.
 F = Levels seen in this place.
 G = Mean time per level.
                   A        B        C        D        E       F      G
               +--------+--------+--------+--------+--------+-----+--------+
         Total |    249 |    218 |     31 |      0 |     87 |   5 |   49.8 |
       Dungeon |    212 |    212 |      0 |      0 |     87 |   4 |   53.0 |
        Temple |     36 |      5 |     31 |      0 |      0 |   1 |   36.0 |
               +--------+--------+--------+--------+--------+-----+--------+

Top non-repeatable levels by time:
     D:1: 122 daAuts
     D:2: 44 daAuts
     D:5: 44 daAuts
  Temple: 36 daAuts
     D:3: 1 daAuts
